Map: Nightshade LE

Players

Impact

  • Race: Zerg Zerg
  • Spawn Location: 5:00

Has - Winner!

  • Race: Protoss Protoss
  • Spawn Location: 11:00

Event: IEM Katowice 2020

VOD

Have the link to the VOD?

Description

Time

  • Played on: Feb. 24, 2020, 2:01 p.m.
  • Length: 14:21

All games in this series

Show
View Real Time Build Order
Export as new Build Order

Impact Zerg 

Build Orders: Pool First 

Get SALT Encoding   

  12  0:00  Drone  
  13  0:12  Overlord  
  13  0:17  Drone  
  14  0:30  Drone x2  
  14  0:35  Drone  
  17  0:43  Extractor  
  17  0:45  Spawning Pool  
  17  0:48  Drone  
  16  0:55  Drone  
  17  1:06  Drone  
  18  1:17  Hatchery  
  17  1:32  Zergling x2, Queen  
  18  1:36  Zergling x2  
  21  1:44  Overlord  
  21  1:51  Metabolic Boost  
  21  1:54  Drone  
  22  2:07  Drone  
  22  2:08  Queen  
  23  2:11  Drone  
  26  2:22  Drone  
  27  2:31  Drone  
  27  2:32  Drone  
  29  2:40  Zergling x2  
  29  2:42  Hatchery  
  29  2:47  Drone  
  29  2:50  Zergling x4  
  32  2:52  Zergling x2  
  32  2:58  Overlord  
  33  3:02  Drone  
  33  3:03  Drone  
  34  3:08  Overlord  
  34  3:15  Drone  
  34  3:16  Drone x2  
  38  3:20  Drone  
  38  3:21  Drone x2  
  38  3:23  Drone  
  41  3:28  Drone x2  
  43  3:40  Spore Crawler, Queen  
  44  3:48  Spore Crawler  
  42  3:49  Drone  
  42  3:51  Overlord  
  42  3:52  Overlord  
  42  3:54  Drone  
  42  3:55  Drone  
  45  4:03  Zergling x8  
  45  4:08  Zergling x2  
  49  4:10  Queen  
  49  4:11  Zergling x2, Spore Crawler  
  49  4:22  Zergling x4  
  48  4:25  Drone  
  47  4:32  Drone  
  47  4:33  Drone  
  47  4:36  Drone x2  
  51  4:40  Drone  
  52  4:50  Drone x2  
  52  4:51  Drone x2  
  52  4:52  Roach Warren  
  55  5:00  Drone x5  
  60  5:08  Extractor  
  60  5:13  Drone x6  
  65  5:17  Extractor  
  65  5:18  Lair  
  65  5:19  Overlord  
  64  5:23  Overlord  
  64  5:27  Drone x2  
  66  5:30  Overlord  
  64  5:39  Roach x4  
  70  5:43  Roach  
  70  5:46  Roach  
  70  5:49  Drone x4  
  78  5:50  Drone x2  
  78  5:55  Drone  
  81  5:57  Extractor, Drone  
  81  6:01  Queen  
  77  6:12  Spore Crawler, Roach  
  77  6:15  Drone x11  
  85  6:22  Spire  
  85  6:23  Overlord  
  84  6:26  Overseer  
  84  6:32  Extractor  
  77  6:34  Overlord  
  77  6:38  Drone x3  
  76  6:40  Extractor, Queen x2  
  76  6:42  Queen  
  79  6:49  Spore Crawler  
  79  6:51  Spore Crawler  
  79  6:53  Drone x3  
  81  6:55  Drone  
  81  6:56  Drone x3  
  81  7:00  Zergling x6  
  86  7:03  Spore Crawler, Drone x2  
  86  7:05  Overlord  
  86  7:08  Overlord  
  75  7:26  Queen x3  
  81  7:35  Corruptor x2  
  81  7:38  Corruptor  
  81  7:49  Overlord x3  
  81  8:01  Zerg Flyer Armor Level 1  
  80  8:07  Corruptor, Queen  
  80  8:11  Corruptor x3  
  88  8:14  Corruptor  
  88  8:19  Drone x11  
  97  8:25  Overlord x3  
  97  8:29  Baneling Nest  
  97  8:31  Evolution Chamber  
  97  8:32  Corruptor  
  97  8:40  Zergling x2  
  98  8:44  Roach x5  
  104  8:51  Drone x3  
  104  8:53  Roach  
  108  8:58  Roach x2, Zerg Melee Weapons Level 1  
  108  9:00  Zergling x2  
  108  9:01  Zergling x2  
  114  9:02  Overlord  
  114  9:09  Overlord x2  
  114  9:12  Centrifical Hooks  
  114  9:19  Overlord  
  114  9:20  Overlord  
  114  9:22  Zergling x2, Roach  
  114  9:23  Roach  
  119  9:26  Zergling x2, Roach  
  119  9:28  Zergling x2, Roach  
  125  9:31  Zergling x2, Roach  
  125  9:34  Zergling x2, Roach  
  125  9:35  Baneling  
  125  9:36  Baneling x2  
  125  9:37  Baneling  
  131  9:42  Ravager x2  
  131  9:43  Ravager x3  
  136  9:46  Zergling x8  
  136  9:49  Overlord  
  140  9:54  Zergling x4, Roach x2  
  146  10:03  Hatchery  
  143  10:13  Zergling x2, Roach x5  
  152  10:17  Zergling x6  
  155  10:23  Zergling x6  
  155  10:26  Roach x2  
  160  10:29  Baneling x6  
  160  10:34  Drone x3  
  157  10:38  Drone x2  
  156  10:43  Ravager, Baneling x6  
  156  10:45  Drone  
  158  10:52  Zergling x4, Roach  
  158  10:54  Baneling x4  
  158  10:55  Baneling  
  161  10:59  Baneling x4  
  161  11:02  Overseer  
  161  11:04  Baneling x5  
  161  11:07  Zerg Melee Weapons Level 2  
  155  11:19  Corruptor x2  
  157  11:25  Zergling x2  
  157  11:26  Zergling x10  
  157  11:28  Zergling x2  
  157  11:29  Zergling x4  
  129  11:40  Roach x5  
  129  11:45  Zergling x2  
  124  11:50  Zergling x6  
  117  11:55  Roach  
  117  11:58  Zergling x2, Roach  
  117  11:59  Zergling x2  
  111  12:04  Zergling x2  
  112  12:09  Baneling  
  112  12:10  Ravager x2, Baneling x7  
  112  12:11  Ravager x2  
  112  12:12  Roach x3, Ravager  
  123  12:16  Zergling x2  
  123  12:22  Zergling x6  
  127  12:24  Baneling x6  
  127  12:25  Zergling x2  
  127  12:26  Overseer  
  128  12:34  Zergling x6  
  131  12:37  Roach  
  131  12:39  Ravager  
  131  12:40  Ravager x3  
  131  12:41  Zergling x6  
  140  12:46  Zergling x2  
  137  12:52  Zergling x6  
  137  12:56  Zergling x6  
  137  12:57  Roach  
  137  13:01  Corruptor  
  137  13:03  Roach x2  
  131  13:08  Zergling x2  
  131  13:10  Zergling x2  
  132  13:13  Zergling x2  
  132  13:16  Zergling x2  
  131  13:26  Zergling x8  
  117  13:29  Roach  
  117  13:33  Zergling x4  
  100  13:36  Zergling x2  
  101  13:48  Zergling x10  
  102  13:51  Ravager x2  
  102  13:52  Ravager  
  102  13:53  Baneling  
  102  13:54  Baneling  
  109  13:56  Baneling  
  109  14:00  Zergling x4  
  109  14:01  Zergling x2  
  112  14:04  Baneling x2  
Show
View Real Time Build Order
Export as new Build Order

Has Protoss - Winner!

Build Orders: 1 Gate Expand, Oracle Opening, Phoenix Opening, Mass Phoenix 

Get SALT Encoding   

  12  0:00  Probe  
  13  0:12  Probe  
  14  0:19  Pylon  
  14  0:24  Probe (Chrono Boost)  
  15  0:29  Assimilator  
  15  0:39  Probe (Chrono Boost)  
  16  0:43  Gateway  
  16  0:46  Probe (Chrono Boost)  
  17  0:53  Probe  
  18  1:05  Probe  
  20  1:23  Nexus  
  19  1:30  Cybernetics Core  
  19  1:34  Probe  
  19  1:39  Assimilator  
  20  1:46  Probe  
  21  1:50  Pylon  
  22  2:05  Adept (Chrono Boost)  
  23  2:08  Stargate  
  23  2:12  Probe  
  24  2:16  Warp Gate  
  24  2:25  Probe  
  24  2:26  Adept (Chrono Boost)  
  26  2:36  Probe  
  27  2:37  Probe  
  28  2:48  Probe  
  28  2:49  Probe  
  28  2:51  Phoenix (Chrono Boost)  
  32  3:00  Probe  
  32  3:01  Probe  
  34  3:08  Gateway  
  34  3:12  Probe  
  35  3:15  Oracle (Chrono Boost)  
  35  3:16  Probe  
  40  3:28  Probe, Adept  
  40  3:31  Pylon  
  42  3:34  Probe  
  42  3:40  Stargate  
  43  3:42  Assimilator  
  43  3:44  Probe  
  43  3:48  Probe  
  45  3:56  Probe  
  46  4:05  Probe  
  46  4:07  Pylon  
  46  4:08  Adept x2  
  49  4:12  Phoenix (Chrono Boost), Probe  
  49  4:17  Probe  
  53  4:27  Probe  
  52  4:31  Probe  
  52  4:32  Assimilator  
  52  4:33  Phoenix (Chrono Boost)  
  53  4:39  Probe  
  53  4:40  Phoenix (Chrono Boost), Pylon  
  56  4:50  Pylon  
  56  4:51  Probe  
  56  4:52  Adept x2  
  62  4:57  Phoenix (Chrono Boost)  
  63  5:00  Probe, Pylon  
  63  5:03  Probe  
  65  5:12  Phoenix (Chrono Boost), Probe  
  68  5:20  Probe  
  69  5:24  Probe  
  69  5:25  Pylon  
  69  5:28  Zealot  
  72  5:33  Phoenix  
  74  5:36  Phoenix  
  74  5:44  Nexus  
  72  5:50  Stargate  
  72  5:53  Zealot x2  
  75  5:58  Phoenix (Chrono Boost), Probe  
  80  6:11  Phoenix (Chrono Boost)  
  80  6:19  Phoenix (Chrono Boost), Shield Battery x2  
  82  6:28  Phoenix  
  82  6:29  Probe x2  
  86  6:36  Forge  
  86  6:37  Forge  
  86  6:46  Pylon  
  86  6:47  Pylon  
  86  6:56  Phoenix, Probe x3  
  91  7:07  Zealot x2  
  95  7:13  Protoss Ground Weapons Level 1 (Chrono Boost)  
  95  7:15  Protoss Ground Armor Level 1 (Chrono Boost)  
  92  7:19  Twilight Council  
  92  7:21  Probe  
  92  7:22  Probe  
  93  7:26  Probe  
  93  7:28  Zealot x2  
  93  7:29  Pylon  
  98  7:34  Probe x2, Pylon  
  100  7:38  Probe  
  100  7:42  Pylon  
  101  7:46  Probe x2  
  101  7:47  Pylon  
  101  7:48  Pylon  
  101  7:49  Zealot x2  
  101  7:50  Probe  
  107  7:53  Charge (Chrono Boost)  
  107  7:58  Probe x2  
  109  7:59  Templar Archives  
  109  8:01  Assimilator  
  109  8:02  Probe, Assimilator  
  109  8:03  Pylon  
  110  8:10  Probe x2  
  112  8:18  Probe  
  111  8:26  Gateway x2  
  111  8:28  Shield Battery  
  111  8:29  Gateway  
  111  8:31  Gateway  
  111  8:32  Gateway  
  111  8:33  Sentry x2  
  115  8:43  Nexus  
  115  8:44  Pylon  
  111  8:55  Probe x2  
  111  8:56  Probe  
  111  8:58  Gateway  
  111  8:59  Gateway  
  111  9:02  High Templar x2  
  118  9:03  Protoss Ground Weapons Level 2 (Chrono Boost), Protoss Ground Armor Level 2 (Chrono Boost)  
  118  9:07  Gateway  
  118  9:14  Photon Cannon  
  118  9:18  Archon  
  118  9:25  High Templar  
  118  9:26  Stalker  
  118  9:27  Stalker  
  118  9:28  Blink  
  118  9:29  High Templar  
  126  9:33  Archon, Zealot  
  126  9:34  Zealot x2  
  126  9:37  Probe x2  
  134  9:41  Robotics Facility  
  134  9:42  Probe  
  134  9:44  Pylon  
  135  9:49  Probe x2  
  137  10:00  High Templar x4  
  137  10:01  Zealot  
  137  10:02  Zealot x4  
  155  10:11  Archon x2  
  155  10:19  Stalker  
  157  10:22  Probe  
  157  10:23  Probe x2  
  157  10:24  Assimilator  
  157  10:27  Assimilator  
  160  10:28  Pylon  
  160  10:35  Probe x2  
  158  10:37  Warp Prism (Chrono Boost)  
  157  10:47  Nexus  
  153  10:50  High Templar x4  
  153  10:51  Zealot x5  
  153  10:54  Archon  
  153  10:55  Archon  
  171  11:00  Zealot  
  173  11:18  Nexus  
  173  11:22  High Templar  
  173  11:24  Pylon  
  173  11:26  Pylon  
  173  11:28  Pylon  
  135  11:40  Zealot x7  
  119  11:58  Zealot x3  
  119  12:06  High Templar x4  
  119  12:07  High Templar  
  125  12:11  Zealot  
  125  12:14  Archon  
  125  12:15  Archon  
  127  12:17  Archon  
  127  12:30  High Templar x2  
  127  12:34  Archon  
  127  12:36  Zealot, Psionic Storm  
  133  12:37  Zealot x2  
  133  12:39  Zealot x3  
  133  12:40  Zealot x2  
  135  13:03  Zealot x9  
  135  13:04  Zealot  
  143  13:09  Immortal (Chrono Boost)  
  141  13:25  Zealot x4  
  141  13:26  Zealot  
  123  13:35  High Templar x4  
  123  13:36  Zealot  
  133  13:49  High Templar x2  
  133  13:50  Zealot  
  133  13:51  Zealot x2  
  133  13:53  Archon  
  133  13:55  Nexus  
  143  14:01  Zealot  
  145  14:09  Zealot x4  
  151  14:17  Zealot x3  

Tags
 
Add a new tag
Caveats
  • Supply blocks, unpowered buildings, or Contaminate may cause inaccurate times.
  • Supply counts are checked every 10 seconds.